 Dungeon Crawl Stone Soup version 0.30.1-11-g7821555f0a (webtiles) character file.

Game seed: 6819369338257309085

39 AppTheSpectato the Chopper (level 3, -1/33 HPs)
             Began as a Hill Orc Monk on Nov 1, 2023.
             Slain by Natasha (5 damage)
             ... on level 2 of the Dungeon.
             The game lasted 00:01:51 (1127 turns).

AppTheSpectato the Chopper (Hill Orc Monk)          Turns: 1127, Time: 00:01:52

Health: -1/33      AC:  2    Str: 15    XL:     3   Next: 47%
Magic:  3/3        EV: 12    Int: 10    God:
Gold:   76         SH:  0    Dex: 13    Spells: 2/2 levels left

rFire   . . .        a - +0 hand axe
rCold   . . .        d - orb {light}
rNeg    . . .        b - +0 robe
rPois   .            (no helmet)
rElec   .            (no cloak)
rCorr   .            (no gloves)
SInv    .            (no boots)
Will    .....        (no amulet)
Stlth   +            (no ring)
HPRegen 0.25/turn    (no ring)
MPRegen 0.08/turn

%: no passive effects
@: glowing
A: no striking features
a: no special abilities


You were on level 2 of the Dungeon.
You visited 1 branch of the dungeon, and saw 2 of its levels.

You collected 76 gold pieces.

Inventory:

Hand Weapons
 a - a +0 hand axe (weapon)
Armour
 b - a +0 robe (worn)
 d - an orb of light (worn)
Potions
 c - a potion of ambrosia
 e - 2 potions of haste
 f - 2 potions of curing {unknown}
 g - a potion of resistance {unknown}
 h - a potion of might {unknown}


   Skills:
 + Level 4.2 Fighting
 + Level 4.7 Axes
 + Level 1.0 Armour
 - Level 2.6 Dodging


You had 2 spell levels left.
You didn't know any spells.
Your spell library contained the following spells:

 Spells                   Type           Power      Damage    Failure   Level
 Inner Flame              Hex/Fire       0%         N/A       75%         3
 Flame Wave               Conj/Fire      0%         2d4       98%         4
 Sticky Flame             Conj/Fire      0%         2d3       98%         4


Dungeon Overview and Level Annotations

Branches:
Dungeon (2/15)

Altars:

Shops:
D:1 (

Annotations:
D:2 Natasha


Message History

You feel sick.
Natasha mumbles some strange words.
Your Armour skill increases to level 1!
You feel sick.
The cerulean imp hits you with a +2 spear.
You hit Natasha but do no damage. You barely miss the cerulean imp.
You feel sick. Natasha claws you but does no damage.
The cerulean imp closely misses you.
You hit Natasha.
Natasha is moderately wounded.
You hit the cerulean imp.
You feel sick. Natasha misses you.
The cerulean imp hits you with a +2 spear.
You completely miss Natasha.
Natasha is moderately wounded.
You hit the cerulean imp. You hit the dart slug.
You feel sick.
Natasha wildly gestures.
Natasha's front paws start to glow.
Natasha casts a spell.
The dart slug launches a dart at you. The slug dart hits you.
The cerulean imp hits you with a +2 spear.
You hit Natasha.
Natasha is moderately wounded.
You hit the cerulean imp.
You hit the cerulean imp but do no damage.
You hit the dart slug but do no damage.
You feel sick.
You are no longer poisoned.
Natasha closely misses you.
The cerulean imp hits you with a +2 spear.
* * * LOW HITPOINT WARNING * * *
The cerulean imp misses you. Natasha closely misses you.
The dart slug bites you.
* * * LOW HITPOINT WARNING * * *
You hit Natasha.
Natasha is heavily wounded.
You hit the cerulean imp. You barely miss the cerulean imp.
You hit the dart slug.
The cerulean imp hits you with a +2 spear.
* * * LOW HITPOINT WARNING * * *
The cerulean imp misses you. Natasha claws you.
You die...

##.#.########.#
..?...........#
##.#.##.##.##.#
...#.##.##.##.#####
...#.##.##........#
.. ..##.##.#..###.##
.
...........##...###
.
#####.>......5†.!..#
####.#####@..#.# #.#
#wh5## #.# ##.## #.#
#.# #.# ... #.# ..#


You could see Natasha, 2 cerulean imps and a dart slug.

Vanquished Creatures
  A gnoll (D:1)
  An adder (D:2)
  2 dart slugs
  2 giant cockroaches
  A kobold (D:1)
  2 quokkas (D:1)
  2 ball pythons (D:1)
  A bat (D:1)
  A frilled lizard (D:1)
  3 goblins (D:1)
  3 rats
19 creatures vanquished.

Notes
Turn   | Place    | Note
-------+----------+-------------------------------------------
     0 | D:1      | AppTheSpectato the Hill Orc Monk began the quest for the
                  | Orb.
     0 | D:1      | Reached XP level 1. HP: 19/19 MP: 1/1
   146 | D:1      | Reached XP level 2. HP: 22/27 MP: 2/2
   797 | D:1      | Found Hesen's Weapon Emporium.
   866 | D:1      | Reached XP level 3. HP: 31/33 MP: 3/3
  1119 | D:2      | Noticed Natasha
  1122 | D:2      | Reached skill level 1 in Armour
  1127 | D:2      | Slain by Natasha

Illustrated notes

Levels and vault maps discovered:
D:1:      dpeg_arrival_ternary, layout_basic, serial_shops, nicolae_shop_crystal
D:2:      layout_loops_ring, basic_altar, uniq_natasha, uniq_jessica

Skill      XL: |  1  2  3 |
---------------+----------+-----
Fighting       | 4 |  4.2
Armour         | 1 |  1.0
Axes           | |  4.7
Dodging        | |  2.6

Action                     || total
---------------------------++-------
  Melee: Hand axe          ||    59
    Use: Scroll            ||     4
 Armour: Robe              ||     6
  Dodge: Dodged            ||    30
